Map: Crête de Lerilak

Players

zidar - Winner!

  • Race: Zerg Zerg
  • League: Silver
  • Spawn Location: 1:00

дефиск

  • Race: Terran Terran
  • League: Silver
  • Spawn Location: 7:00

VOD

Have the link to the VOD?

Description

Time

  • Played on: Jan. 2, 2016, 3:16 p.m.
  • Length: 6:07
Show
View Real Time Build Order
Export as new Build Order

zidar Zerg - Winner!

Build Orders: Hatch First 

Get SALT Encoding   

  12  0:01  Drone  
  13  0:12  Overlord  
  13  0:18  Drone  
  14  0:30  Drone x2  
  14  0:34  Drone  
  17  0:54  Hatchery  
  16  0:57  Drone  
  16  1:00  Extractor  
  16  1:02  Drone  
  17  1:21  Spawning Pool  
  17  1:23  Drone  
  17  1:27  Drone  
  18  1:47  Spawning Pool  
  18  1:49  Drone  
  18  1:57  Overlord  
  18  2:01  Drone  
  19  2:13  Zergling x4  
  19  2:14  Zergling x2  
  22  2:21  Metabolic Boost  
  22  2:38  Spine Crawler  
  21  2:48  Zergling x4  
  21  2:49  Zergling x6  
  26  2:57  Queen  
  28  3:08  Queen  
  30  3:21  Roach Warren  
  28  3:42  Zergling x2  
  28  3:43  Zergling x10  
  32  4:27  Roach  
  34  4:32  Overlord x2  
  33  4:49  Roach  
  33  4:50  Roach x4  
  33  4:51  Roach x3  
  49  4:56  Drone x2  
  51  5:15  Overlord  
  51  5:16  Overlord  
  51  5:30  Zergling x2  
  52  5:39  Roach  
  52  5:40  Roach x3  
Show
View Real Time Build Order
Export as new Build Order

дефиск Terran 

Build Orders:  

Get SALT Encoding   

  12  0:01  SCV  
  13  0:14  Supply Depot  
  13  0:19  SCV  
  14  0:38  SCV  
  14  0:41  Barracks  
  15  0:50  SCV  
  16  0:59  Barracks  
  16  1:03  SCV  
  17  1:19  Barracks  
  17  1:25  Barracks  
  17  1:27  SCV  
  17  1:29  Marine  
  19  1:44  SCV  
  20  1:47  Refinery  
  20  1:50  Marine x2  
  22  2:00  SCV  
  23  2:13  Supply Depot  
  23  2:15  Orbital Command  
  23  2:24  Supply Depot  
  23  2:38  Marine  
  23  2:39  Marine x3  
  23  2:42  SCV  
  26  2:55  SCV  
  27  3:02  Refinery  
  26  3:08  SCV  
  25  3:15  Marine  
  25  3:16  Marine x3  
  29  3:23  Factory  
  29  3:30  SCV  
  30  3:35  Marine x4  
  34  3:50  Command Center  
  34  3:53  SCV  
  31  4:08  Barracks Tech Lab x3  
  32  4:11  Barracks Reactor  
  32  4:14  Factory Tech Lab  
  31  4:19  Starport  
  28  4:33  Marauder x2  
  28  4:36  Marauder  
  32  4:41  SCV  
  29  5:15  SCV  
  30  5:34  SCV  
Tags
 
Add a new tag
Caveats
  • Supply blocks, unpowered buildings, or Contaminate may cause inaccurate times.
  • Supply counts are checked every 10 seconds.